 Dungeon Crawl Stone Soup version 0.32-a0-41-gec2d92a32c (webtiles) character file.

Game seed: 8335982932619539079

39 porpoise the Slasher (level 3, 0/28 HPs)
             Began as a Demonspawn Gladiator on Jan 26, 2024.
             Succumbed to an adder's poison
             ... on level 2 of the Dungeon.
             The game lasted 00:03:52 (1171 turns).

porpoise the Slasher (Demonspawn Gladiator)         Turns: 1171, Time: 00:03:53

Health: 0/28       AC:  4    Str: 14    XL:     3   Next: 28%
Magic:  3/3        EV: 12    Int:  8    God:
Gold:   38         SH:  0    Dex: 16    Spells: 2/2 levels left

rFire   . . .        a - +0 long sword
rCold   . . .        (no shield)
rNeg    . . .        b - +0 leather armour
rPois   .            c - +0 helmet
rElec   .            (no cloak)
rCorr   +            (no gloves)
SInv    .            (no boots)
Will    .....        (no amulet)
Stlth   ++           n - ring of resist corrosion
HPRegen 0.24/turn    (no ring)
MPRegen 0.08/turn

%: no passive effects
@: lethally poisoned (0 -> -2)
A: powered by pain 1
a: no special abilities


You were on level 2 of the Dungeon.
You visited 1 branch of the dungeon, and saw 2 of its levels.

You collected 83 gold pieces.
You spent 45 gold pieces at shops.

Inventory:

Hand Weapons
 a - a +0 long sword (weapon)
Missiles
 d - 3 throwing nets (quivered)
 e - a javelin
 j - 2 poisoned darts
Armour
 b - a +0 leather armour (worn)
 c - a +0 helmet (worn)
Jewellery
 n - a ring of resist corrosion (left hand)
Scrolls
 f - a scroll of teleportation {unknown}
 i - 2 scrolls of fog {unknown}
 l - a scroll of blinking {unknown}
Potions
 g - a potion of lignification {unknown}
 h - 3 potions of curing
 k - 2 potions of might
 m - a potion of haste {unknown}


   Skills:
 + Level 2.5 Fighting
 * Level 3.4 Long Blades
 - Level 1.8 Throwing
 - Level 2.7 Dodging
 + Level 1.1 Stealth


You had 2 spell levels left.
You didn't know any spells.
Your spell library was empty.

Dungeon Overview and Level Annotations

Branches:
Dungeon (2/15)

Altars:

Shops:
D:1 *[*   D:2 (


Innate Abilities, Weirdness & Mutations

You sometimes gain a little power by taking damage.


Message History

The adder is moderately wounded.
You feel sick.
The goblin throws a stone.
The stone hits you. The adder bites you but does no damage.
You barely miss the adder.
The adder is moderately wounded.
You feel sick. The adder bites you but does no damage.
The ball python bites you. The ball python grabs you.
The ball python constricts you. The adder bites you.
You are more poisoned.
The adder poisons you! The ball python barely misses you.
The ball python constricts you.
You miss the adder.
The adder is moderately wounded.
* * * LOW HITPOINT WARNING * * *
You feel very sick. The adder barely misses you.
The ball python closely misses you. The ball python constricts you.
You slash the adder!
You kill the adder!
* * * LOW HITPOINT WARNING * * *
You feel sick. The bat closely misses you. The bat hits you but does no damage.
The ball python barely misses you. The ball python constricts you.
The ball python bites you.
* * * LOW HITPOINT WARNING * * *
The ball python constricts you.
You hit the bat.
The bat is moderately wounded.
* * * LOW HITPOINT WARNING * * *
You feel sick. The bat hits you but does no damage.
The goblin barely misses you. The ball python bites you.
* * * LOW HITPOINT WARNING * * *
The ball python constricts you.
Unknown command.
Unknown command.
You escape the ball python's grasp.
* * * LOW HITPOINT WARNING * * *
You feel sick. The bat barely misses you. The goblin attacks as it pursues you!
The goblin barely misses you.
You see here an adder corpse.
You die...

.......<.....# #.#.>
.^.##.#.#
.#...#######.# #.#.#
### #.#†# .##.## #.#
#.#.# #.#.#
.##.########.# #.#.#
#.#.# ..#...........
#.#.# #.#.#
..##########..###...#
#.#.# ....#
...........#.# #.#
....# #....###...#
#.# ......
#.#.Sg†@b..# ......#
#..###.....# ......#
#.. ##.##...."
....... .... #.#
##### >.... #.#
....#.# #.# #.....
#.# #.# #. #.#


You could see a goblin, a bat and a ball python.

Vanquished Creatures
  2 adders (D:2)
  2 bats
  3 endoplasms
  4 hobgoblins (D:1)
  A quokka (D:2)
  2 ball pythons (D:1)
  3 frilled lizards (D:1)
  3 kobolds
  2 rats (D:1)
22 creatures vanquished.

Notes
Turn   | Place    | Note
-------+----------+-------------------------------------------
     0 | D:1      | porpoise the Demonspawn Gladiator began the quest for the
                  | Orb.
     0 | D:1      | Reached XP level 1. HP: 16/16 MP: 1/1
   206 | D:1      | Found a faded altar of an unknown god.
   256 | D:1      | Reached skill level 3 in Long Blades
   256 | D:1      | Gained mutation: You sometimes gain a little power by
                  | taking damage. [demonic ancestry]
   256 | D:1      | Reached XP level 2. HP: 18/22 MP: 2/2
   359 | D:1      | Found Eviodar's Armour Emporium.
   362 | D:1      | Found Wikurch's Assorted Antiques.
   376 | D:1      | Bought a dark potion for 21 gold pieces
   518 | D:1      | Found Amper's General Store.
   932 | D:2      | Reached skill level 1 in Stealth
   998 | D:2      | Found Cufulaad's Antique Weapon Boutique.
  1034 | D:2      | Reached XP level 3. HP: 24/28 MP: 3/3
  1102 | D:1      | Bought a scroll labelled TECOCE QELIE for 24 gold pieces
  1170 | D:2      | HP: 1/28 [poisoned by an adder]
  1171 | D:2      | Succumbed to an adder's poison

Illustrated notes

Levels and vault maps discovered:
D:1:      kennysheep_arrival_forest, layout_basic, serial_shops, shop, shop,
          nicolae_shop_tiny_statue_garden, basic_ecumenical_altar,
          minmay_misc_feat_iff
D:2:      layout_loops_ring, serial_shops, nicolae_shop_tiny_glass, basic_altar

Skill      XL: |  1  2 |
---------------+-------+-----
Long Blades    | 3 |  3.4
Stealth        | 1 |  1.1
Fighting       | |  2.5
Throwing       | |  1.8
Dodging        | |  2.7

Action                     || total
---------------------------++-------
  Melee: Long sword        ||    77
         Punch             ||     1
    Use: Scroll            ||     3
   Stab: Sleeping          ||     1
 Armour: Leather armour    ||    47
  Dodge: Dodged            ||    66

Table legend: (Time is in decaauts)
 A = Elapsed time spent in this place.
 B = Non-inter-level travel time spent in this place.
 C = Inter-level travel time spent in this place.
 D = Time resting spent in this place.
 E = Time spent auto-exploring this place.
 F = Levels seen in this place.
 G = Mean time per level.
                   A        B        C        D        E       F      G
               +--------+--------+--------+--------+--------+-----+--------+
         Total |   1190 |   1084 |    106 |     44 |    837 |   2 |  595.0 |
       Dungeon |   1190 |   1084 |    106 |     44 |    837 |   2 |  595.0 |
               +--------+--------+--------+--------+--------+-----+--------+

Top non-repeatable levels by time:
     D:1: 775 daAuts
     D:2: 414 daAuts
